AoeStats
← Aphelink

Arabia

506308260Analyzed
3v3 RM · 19d ago on Sep 13, 2026· 48m 44s· 6 players
Game mode
Random Map
Map size
Normal (6 player)
Population
200
Speed
Normal
Resources
Standard
Victory
Conquest
Starting age
Dark Age
Ending age
Imperial Age
RankedLock teamsTeams togetherTeam positionsShared explorationLock speedFull tech treeHidden civsTurbo modeCheats
Victory
Defeat
🇺🇾 Persians · Uruguay
1439
+6
🇺🇾 Britons · Uruguay
1081
+20
🇺🇾 Sicilians · Uruguay
1008
+21
🇲🇽 Ethiopians · Mexico
1204
-17
🇨🇴 Magyars · Colombia
1163
-15
🇳🇿 Koreans · New Zealand
1152
-15
Aphelink
8:51 Feudal Age
9:34 Double-Bit Axe
10:48 Loom
18:22 Castle Age
16:55 Fletching
18:39 Padded Archer Armor
18:31 Horse Collar
18:43 Gold Mining
19:30 Bow Saw
19:18 Crossbowman
21:10 Stone Mining
24:54 Bodkin Arrow
26:17 Ballistics
29:14 Wheelbarrow
29:43 Gold Shaft Mining
31:52 Hand Cart
35:13 Imperial Age
35:21 Imperial Age
34:01 Town Watch
35:12 Leather Archer Armor
36:09 Bracer
35:31 Arbalester
37:33 Ring Archer Armor
38:10 Chemistry
37:46 Yeomen
39:20 Elite Longbowman
42:01 Murder Holes
42:16 Masonry
42:12 Siege Engineers
44:54 Two-Man Saw
43:58 Heavy Plow
47:43 Warwolf
48:03 Conscription
47:30 Elite Longbowman
[LdS]Nestoter
2:11 Loom
8:13 Feudal Age
6:30 Loom
9:23 Double-Bit Axe
9:57 Horse Collar
19:51 Scale Barding Armor
22:31 Wheelbarrow
23:13 Bloodlines
25:06 Castle Age
22:58 Town Watch
24:14 Forging
24:16 Bloodlines
23:59 Gold Mining
25:58 Chain Barding Armor
25:02 Light Cavalry
25:43 Husbandry
26:54 Iron Casting
26:55 Bow Saw
27:05 Heavy Plow
32:25 Hand Cart
34:13 Gold Shaft Mining
38:40 Imperial Age
38:19 Cavalier
39:35 Plate Barding Armor
40:01 Blast Furnace
40:13 Two-Man Saw
39:06 Stone Mining
41:44 Stone Shaft Mining
41:20 Savar
LaPolitziaaa
5:26 Loom
9:48 Feudal Age
10:31 Double-Bit Axe
25:19 Fletching
31:25 Horse Collar
36:03 Padded Archer Armor
39:41 Castle Age
39:58 Scale Mail Armor
41:15 Bodkin Arrow
41:36 Chain Mail Armor
41:32 Forging
46:06 Gold Mining
47:14 Bow Saw
47:40 Heavy Plow
49:32 Wheelbarrow
48:54 Stone Mining
Heda
10:12 Feudal Age
10:27 Loom
12:13 Bloodlines
15:09 Double-Bit Axe
22:38 Castle Age
22:09 Scale Barding Armor
24:39 Husbandry
25:04 Chain Barding Armor
25:35 Corvinian Army
29:17 Bow Saw
40:37 Wheelbarrow
43:12 Imperial Age
43:42 Hand Cart
45:42 Conscription
ic.adelira
7:02 Loom
9:32 Feudal Age
10:54 Double-Bit Axe
14:02 Fletching
19:51 Horse Collar
23:36 Castle Age
21:46 Gold Mining
24:01 Crossbowman
24:43 Bodkin Arrow
26:10 Padded Archer Armor
26:28 Bow Saw
30:10 Thumb Ring
34:56 Imperial Age
34:39 Wheelbarrow
35:32 Arbalester
36:49 Bracer
37:05 Leather Archer Armor
39:36 Chemistry
41:23 Conscription
41:02 Halberdier
43:04 Ballistics
45:00 Hand Cart
47:14 Squires
47:21 Scale Mail Armor
47:32 Forging
opod
11:30 Feudal Age
17:23 Castle Age
16:23 Double-Bit Axe
25:01 Wheelbarrow
24:53 Fletching
25:21 Loom
26:37 Bodkin Arrow
27:32 Hand Cart
27:04 Town Watch
29:04 Bow Saw
28:35 Horse Collar
29:25 Thumb Ring
31:11 Ballistics
33:03 Town Patrol
33:28 Husbandry
36:16 Imperial Age
34:00 Pikeman
34:41 Squires
37:03 Bracer
38:07 Chemistry
37:07 Heavy Cavalry Archer
38:35 Arrowslits
39:02 Masonry
38:33 Treadmill Crane
39:05 Elite Skirmisher
40:28 Murder Holes
41:03 Architecture
42:07 Two-Man Saw
43:09 Eupseong
47:25 Scale Mail Armor
47:36 Forging
47:51 Halberdier
Connection lost

Rejoining the realm…

Still unreachable

The connection could not be restored.

Session expired

The server has moved on; the page needs a fresh start.